 Dungeon Crawl Stone Soup version 0.21.0-3-g78d12a8 (webtiles) character file.

128 oshikia the Insei (level 4, 0/37 HPs)
             Began as a Demonspawn Monk on Jan 10, 2018.
             Succumbed to an adder's poison
             ... on level 3 of the Dungeon.
             The game lasted 00:04:00 (2657 turns).

oshikia the Insei (Demonspawn Monk)                 Turns: 2657, Time: 00:04:00

Health: 0/37       AC:  2    Str: 12    XL:     4   Next: 87%
Magic:  13/13      EV: 14    Int: 11    God:
Gold:   69         SH:  0    Dex: 16    Spells: 3/3 levels left

rFire    + . .     SeeInvis .     - Unarmed
rCold    + + .     Gourm    .   (no shield)
rNeg     + . .     Faith    .   a - +0 robe
rPois    +         Spirit   .   (no helmet)
rElec    +         Reflect  .   (no cloak)
rCorr    +         Harm     .   (no gloves)
MR       .....                  (no boots)
Stlth    ++........             (no amulet)
HPRegen  0.12/turn              h - ring of magical power
MPRegen  0.13/turn              j - ring of positive energy

@: lethally poisoned (0 -> -1), resistant, berserk cooldown, slowed, very slow
A: claws 1, cold resistance 1
a: no special abilities


You were on level 3 of the Dungeon.
You were not hungry.

You visited 1 branch of the dungeon, and saw 3 of its levels.

You collected 69 gold pieces.

Inventory:

Armour
 a - a +0 robe (worn)
 m - a +0 pair of boots
 n - a +0 helmet
Jewellery
 h - a ring of magical power (left claw)
 j - a ring of positive energy (right claw)
Scrolls
 d - a scroll of remove curse {unknown}
 e - 2 scrolls of identify {unknown}
 f - a scroll of random uselessness {unknown}
 g - a scroll of amnesia {unknown}
 k - a scroll of noise {unknown}
Comestibles
 b - 4 rations
 l - a chunk of flesh


   Skills:
 + Level 3.8 Fighting
 + Level 3.4 Dodging
 - Level 1.7 Stealth
 * Level 4.1 Unarmed Combat


You had 3 spell levels left.
You didn't know any spells.

Dungeon Overview and Level Annotations

Branches:
Dungeon (3/15)

Altars:
Ru
Trog


Innate Abilities, Weirdness & Mutations

You have sharp fingernails.
Your flesh is cold resistant. (rC+)


Message History

You barely miss the worker ant.
The worker ant is severely wounded.
The worker ant closely misses you.
You scratch the worker ant.
You kill the worker ant!
Your Unarmed Combat skill increases to level 4!
You are too berserk!
You see here a worker ant corpse.
You butcher the worker ant corpse.
You feel a strong urge to attack something.
You are no longer berserk.
You are exhausted.
You feel yourself slow down.
* * * LOW HITPOINT WARNING * * *
You feel sick.
You see here 2 chunks of flesh.
Eat one of 2 chunks of flesh? (ye/n/q)
You eat one of the 2 chunks of flesh.
This raw flesh tastes terrible.
You aren't carrying any potions.
You die...

### ... #.# ....... #.#
........# #.# ........#
#†# .........# #@#
..........######.#
..........##.....#
....!.....##ha...####
....$.....lh........##
..........#.......<..#
..........#........(.#
....l.....#..........#...
...............†.......#


There were no monsters in sight!

Vanquished Creatures
  A worker ant (D:3)
  5 adders
  An ooze (D:2)
  4 worms (D:2)
  A dart slug (D:1)
  3 leopard geckos
  3 bats
  A giant cockroach (D:2)
  3 hobgoblins
  4 jackals (D:3)
  A quokka (D:2)
  A ball python (D:2)
  4 frilled lizards
  9 kobolds
  A rat (D:2)
42 creatures vanquished.

Notes
Turn   | Place    | Note
-------+----------+-------------------------------------------
     0 | D:1      | oshikia the Demonspawn Monk began the quest for the Orb.
     0 | D:1      | Reached XP level 1. HP: 18/18 MP: 1/1
   754 | D:1      | Reached skill level 3 in Unarmed Combat
   754 | D:1      | Gained mutation: Your flesh is cold resistant. (rC+) [demonic ancestry]
   754 | D:1      | Reached XP level 2. HP: 16/24 MP: 2/2
   903 | D:2      | Found a bloodstained altar of Trog.
  1262 | D:2      | Reached XP level 3. HP: 12/29 MP: 3/3
  1989 | D:2      | Gained mutation: You have sharp fingernails. [demonic ancestry]
  1989 | D:2      | Reached XP level 4. HP: 20/35 MP: 4/4
  2283 | D:2      | Found a sacrificial altar of Ru.
  2649 | D:3      | HP: 2/55 [worker ant (7)]
  2652 | D:3      | Reached skill level 4 in Unarmed Combat
  2654 | D:3      | HP: 1/37 [poisoned by an adder]
  2657 | D:3      | Succumbed to an adder's poison

Skill      XL: |  1  2  3  4 |
---------------+-------------+-----
Unarmed Combat | 3 4 |  4.1
Dodging        | 3 |  3.4
Fighting       | |  3.8
Stealth        | |  1.7

Action                   |  1- 3 |  4- 6 || total
-------------------------+-------+-------++-------
Melee: Unarmed           |   197 |    51 ||   248
       Punch             |     3 |     2 ||     5
  Use: Potion            |     2 |     2 ||     4
 Stab: Sleeping          |     3 |     1 ||     4
  Eat: Chunk             |     3 |     3 ||     6
Armor: Robe              |    23 |    12 ||    35
Dodge: Dodged            |   130 |    51 ||   181
